[Event "European School-ch 2019"]
[Site "Mamaia"]
[Date "2019.06.06"]
[Round "7.4"]
[White "Verbin, Valentina"]
[Black "Paraschiv, Paul-Alexandru"]
[Result "0-1"]
[ECO "C05"]
[WhiteElo "1961"]
[BlackElo "2055"]
[Annotator "NA RC"]
[PlyCount "50"]
[EventDate "2019.05.31"]
[EventType "swiss"]
[EventCountry "ROU"]
[SourceTitle "playchess.com"]
[Source "ChessBase"]
[SourceQuality "1"]
[TimeControl "40/5400+30:1800+30"]

1. e4 e6 2. d4 d5 3. Nd2 Nf6 4. e5 Nfd7 5. Bd3 c5 6. c3 Nc6 7. Ngf3 f6 8. exf6 Nxf6 9. O-O cxd4 10. cxd4 Bd6 11. b3 O-O {[%emt 0:00:37] C06: French Tarrasch: 3...Nf6 4 e5 Nfd7 5 Bd3 main lines} 12. Bb2 Nh5 (12... Bd7 13. Ne5 Qb6 14. Nxd7 Nxd7 15. Qg4 Rae8 16. Nf3 Nf6 17. Qh4 e5 18. dxe5 Nxe5 19. Bxe5 Bxe5 {1-0 (66) Fedorchuk,S (2669)-Piorun,K (2517) Wroclaw 2014}) 13. Rc1 $146 ({Predecessor:} 13. g3 g6 14. Qe2 Bd7 15. Rac1 Rc8 16. Ne5 Nxe5 17. dxe5 Bc5 18. Nf3 Qe7 19. Rc2 {1-0 (50) Anurag,M (2484)-Elgersma,O (2150) Dieren 2018}) 13... Nf4 14. Bb1 Nb4 15. Rc3 Bd7 16. Re1 Qf6 17. a3 Nc6 18. Rce3 Qh6 19. b4 (19. Nf1 $11) 19... a5 20. Ne5 $2 (20. b5 $11 {and White has nothing to worry.} Ne7 21. a4) 20... Be8 $2 ({Black should try} 20... axb4 $19 21. Ndf3 (21. Nxd7 $2 Nxg2 {[%mdl 64] Double Attack, Discovered Attack} 22. Nf1 Nxe3 $19) 21... Nxe5 22. Nxe5 Bb5) 21. bxa5 $2 {[%emt 0:08:34] [#]} (21. Ng4 $11 Qh5 22. b5) 21... Nxe5 $1 ({Weaker is} 21... Rxa5 22. Ng4 $11) 22. dxe5 Bc5 23. Rg3 $19 (23. Nf1) 23... Bxf2+ 24. Kxf2 Nh3+ 25. Ke2 Bb5+ 0-1

[Event "European School-ch 2019"]
[Site "Mamaia"]
[Date "2019.06.06"]
[Round "7.5"]
[White "Farcadi, Hunor"]
[Black "Celik, Eylul"]
[Result "1-0"]
[ECO "D00"]
[WhiteElo "2049"]
[BlackElo "1841"]
[Annotator "NA RC"]
[PlyCount "89"]
[EventDate "2019.05.31"]
[EventType "swiss"]
[EventCountry "ROU"]
[SourceTitle "playchess.com"]
[Source "ChessBase"]
[SourceQuality "1"]
[TimeControl "40/5400+30:1800+30"]

1. d4 d5 2. Bf4 c5 3. e3 Nc6 4. c3 Nf6 5. Nd2 Bf5 6. Ngf3 Qb6 7. Nh4 e6 8. Nxf5 exf5 9. Qb3 Be7 10. dxc5 Bxc5 11. Bd3 Ne4 12. Qxb6 Bxb6 13. Nxe4 fxe4 14. Bc2 f6 15. O-O-O O-O-O 16. Rd2 (16. c4 $5) 16... Rd7 17. c4 $16 dxc4 18. Rxd7 Kxd7 19. Bxe4 g6 20. Rd1+ Ke7 21. Bxc6 bxc6 22. Kc2 g5 23. Bg3 h5 24. Kc3 h4 25. Bd6+ Ke6 26. Ba3 Bc7 27. h3 Be5+ 28. Kxc4 f5 29. Bc5 g4 30. Bd4 Rd8 31. Rh1 g3 32. f4 Bc7 33. Rc1 Rd5 34. Kd3 Kd6 35. e4 fxe4+ 36. Kxe4 Bb6 37. Be5+ Kd7 38. Rc3 Ke7 39. Rd3 Ra5 40. a3 Ra4+ 41. Kf5 Rc4 42. Rc3 Rxc3 43. Bxc3 Kf7 44. Bf6 Bf2 45. Bxh4 1-0

[Event "European School-ch 2019"]
[Site "Mamaia"]
[Date "2019.06.06"]
[Round "7.9"]
[White "Balan, Bogdan"]
[Black "Neshev, Nikola"]
[Result "1-0"]
[ECO "E20"]
[WhiteElo "2027"]
[BlackElo "1370"]
[Annotator "NA RC"]
[PlyCount "46"]
[EventDate "2019.05.31"]
[EventType "swiss"]
[EventCountry "ROU"]
[SourceTitle "playchess.com"]
[Source "ChessBase"]
[SourceQuality "1"]
[TimeControl "40/5400+30:1800+30"]

1. d4 Nf6 2. c4 e6 3. Nc3 Bb4 4. f3 c5 5. d5 b5 6. e4 O-O 7. Bd2 Bxc3 8. Bxc3 b4 9. Be5 d6 10. Bg3 exd5 11. cxd5 Re8 12. Be2 (12. Bb5 $11) 12... Nh5 13. Bf2 {[%emt 0:07:24] [#]} (13. Bb5 $15 Nxg3 14. hxg3) 13... Nf4 (13... f5 $1 $17 14. Nh3 fxe4 15. fxe4 Bxh3 16. gxh3 Nf4) 14. Bb5 Nxg2+ ({Better is} 14... Bd7 $15 15. Bf1 f5) 15. Kf1 Nf4 16. Bg3 Qb6 $18 (16... Nh5 $11 {and Black has nothing to worry.}) 17. Qa4 Nh3 18. Bxe8 Nxg1 19. Rxg1 Bh3+ 20. Ke2 c4 21. Bf2 Qc7 22. Bc6 c3 23. bxc3 bxc3 1-0

[Event "European School-ch 2019"]
[Site "Mamaia"]
[Date "2019.06.06"]
[Round "7.10"]
[White "Padurariu, Mihai-Edward"]
[Black "Dotsenko, Makar"]
[Result "1/2-1/2"]
[ECO "B20"]
[WhiteElo "2090"]
[BlackElo "1610"]
[Annotator "NA RC"]
[PlyCount "86"]
[EventDate "2019.05.31"]
[EventType "swiss"]
[EventCountry "ROU"]
[SourceTitle "playchess.com"]
[Source "ChessBase"]
[SourceQuality "1"]
[TimeControl "40/5400+30:1800+30"]

1. e4 c5 2. b3 d6 3. Bb2 Nc6 4. f4 e5 5. Nf3 exf4 6. Bb5 Bd7 7. O-O Nf6 8. Bxc6 Bxc6 9. e5 dxe5 10. Nxe5 Rc8 11. Qe2 Be7 $1 12. Re1 Rc7 13. Na3 O-O 14. Nxc6 $11 bxc6 15. Qe5 Bd6 16. Qg5 h6 17. Qf5 Nd5 18. Nc4 Be7 19. Be5 Rd7 20. Bxf4 Nxf4 21. Qxf4 Bg5 22. Qf3 Bxd2 23. Rf1 Rd5 24. Rad1 Bg5 25. Rde1 Qc7 26. Re4 Rd4 27. Rfe1 Qd8 28. Qe2 Rxe4 29. Qxe4 Qd4+ 30. Kh1 Qxe4 31. Rxe4 Rd8 32. Re1 Bf6 33. g3 g5 34. Kg2 Kg7 35. Re2 Rd7 36. Na5 Rd6 37. Nb7 Rd5 38. c4 Rf5 39. Nd6 Re5 40. Rxe5 Bxe5 41. Nc8 a5 42. Ne7 Kf6 43. Nxc6 Bc7 1/2-1/2

[Event "European School-ch 2019"]
[Site "Mamaia"]
[Date "2019.06.06"]
[Round "7.11"]
[White "Radojicic, Aleksandar M"]
[Black "Vilcu, Matei-Stefan"]
[Result "0-1"]
[ECO "A44"]
[WhiteElo "1906"]
[BlackElo "1991"]
[Annotator "NA RC"]
[PlyCount "104"]
[EventDate "2019.05.31"]
[EventType "swiss"]
[EventCountry "ROU"]
[SourceTitle "playchess.com"]
[Source "ChessBase"]
[SourceQuality "1"]
[TimeControl "40/5400+30:1800+30"]

1. d4 c5 2. d5 e5 3. c4 d6 4. e4 g6 5. Nc3 Bg7 6. Bd3 Ne7 7. h4 h5 8. Qa4+ Bd7 9. Qb3 Na6 10. Nb5 ({Don't play} 10. Qxb7 $6 Nb4 $11) 10... Bxb5 11. Qxb5+ Qd7 $16 12. Qxd7+ Kxd7 13. a3 Bh6 14. Bxh6 Rxh6 15. Nf3 f5 16. Ng5 fxe4 17. Bxe4 Nc7 18. b4 b6 19. Rd1 Rf8 20. Ke2 Nf5 21. Rh3 Nd4+ 22. Ke1 Ne8 23. bxc5 dxc5 24. Nf3 Kd6 25. Rg3 Rf4 26. Bxg6 Nxf3+ 27. gxf3 Nf6 28. Bd3 Rxh4 29. Ke2 e4 30. fxe4 Nxe4 31. Bxe4 Rxe4+ 32. Re3 Rxc4 33. Re8 Rc2+ 34. Ke1 h4 35. Rd8+ Kc7 36. Ra8 h3 37. Kf1 Rf6 38. Rxa7+ Kd6 39. Rg7 Rfxf2+ 40. Kg1 Rg2+ 41. Rxg2 Rxg2+ 42. Kh1 Rg3 43. a4 Ra3 44. Kh2 Rxa4 45. Kxh3 Rd4 46. Rb1 Kc7 47. Kg3 Rxd5 48. Kf4 Kc6 49. Ke4 Rd6 50. Ke5 b5 51. Rxb5 Kxb5 52. Kxd6 c4 0-1

[Event "European School-ch 2019"]
[Site "Mamaia"]
[Date "2019.06.06"]
[Round "7.13"]
[White "Simonyan, Grigori"]
[Black "Nastore, Pavel-Alexandru"]
[Result "1/2-1/2"]
[ECO "A67"]
[WhiteElo "2019"]
[BlackElo "1942"]
[Annotator "NA RC"]
[PlyCount "60"]
[EventDate "2019.05.31"]
[EventType "swiss"]
[EventCountry "ROU"]
[SourceTitle "playchess.com"]
[Source "ChessBase"]
[SourceQuality "1"]
[TimeControl "40/5400+30:1800+30"]

1. d4 Nf6 2. c4 c5 3. d5 e6 4. Nc3 exd5 5. cxd5 d6 6. e4 g6 7. f4 Bg7 8. Bb5+ Nfd7 9. Nf3 a6 10. Bd3 O-O 11. O-O b5 12. Qe1 {[%emt 0:00:14] A67: Modern Benoni: Taimanov Variation} Re8 13. Qg3 c4 14. Bc2 b4 15. Na4 Nb6 {[%emt 0:15:25] [#]} 16. Be3 $146 ({Predecessor:} 16. f5 $16 N8d7 17. Qxd6 Nxa4 18. Bxa4 Rxe4 19. Ng5 Re2 20. fxg6 hxg6 21. Rxf7 {1-0 (47) Paravyan,D (2509)-Solovjev,N (2332) Moscow 2016}) 16... Nxa4 17. Bxa4 Bd7 18. Bc2 Bb5 19. f5 (19. Ng5 $16) 19... Nd7 (19... b3 $11 20. axb3 cxb3 21. Bxb3 Bxb2) 20. Qxd6 {[%emt 0:06:02] [#]} (20. Rf2 $14) 20... c3 $11 (20... b3 $1 $17 21. fxg6 (21. axb3 cxb3 22. Bxb3 Bxf1 $15) 21... hxg6 22. axb3 cxb3 {[%mdl 64] Discovered Attack} 23. Bxb3 Bxf1 24. Rxf1 Rxe4) 21. bxc3 bxc3 22. fxg6 hxg6 23. Rfb1 Nf6 24. Qf4 Nh5 25. Qg5 Bf6 26. Qh6 Bg7 27. Qg5 Bf6 28. Qh6 Bg7 29. Qg5 Bf6 30. Qh6 Bg7 1/2-1/2

[Event "European School-ch 2019"]
[Site "Mamaia"]
[Date "2019.06.06"]
[Round "7.14"]
[White "Triboi, Alexander"]
[Black "Dobre, Radu-Fabian"]
[Result "0-1"]
[ECO "A06"]
[WhiteElo "1748"]
[BlackElo "1978"]
[Annotator "NA RC"]
[PlyCount "90"]
[EventDate "2019.05.31"]
[EventType "swiss"]
[EventCountry "ROU"]
[SourceTitle "playchess.com"]
[Source "ChessBase"]
[SourceQuality "1"]
[TimeControl "40/5400+30:1800+30"]

1. Nf3 d5 2. g3 Nf6 3. Bg2 e6 4. O-O Be7 5. c4 O-O 6. d4 b6 7. cxd5 exd5 8. Nc3 Bb7 9. Bf4 Na6 10. Rc1 c5 11. dxc5 Nxc5 12. Nd4 Qd7 13. Qc2 g6 14. Rfd1 Rac8 15. Qb1 Rfd8 16. b4 Nce4 17. Qb3 Nh5 18. Be3 Bf6 $18 (18... Nxc3 $11 19. Rxc3 Rxc3 20. Qxc3 Nf6) 19. h3 Qe8 20. Nxe4 dxe4 21. Rxc8 Rxc8 22. b5 Be5 23. Qb4 Nf6 24. Bg5 Nd5 25. Qd2 Nc3 26. Re1 Nxb5 27. Nxb5 Qxb5 28. Rd1 h5 29. Qe3 Rc2 30. Rd8+ Kh7 31. Bxe4 Rxe2 32. Qf3 Re1+ 33. Kh2 Bxg3+ 34. fxg3 Qe2+ 35. Qxe2 Rxe2+ 36. Kg1 Bxe4 37. Bf6 g5 38. Bxg5 Rg2+ 39. Kf1 Rxg3 40. h4 f6 41. Bd2 Ra3 42. Bb4 Rxa2 43. Be7 Ra5 44. Bb4 Ra2 45. Rf8 f5 0-1

[Event "European School-ch 2019"]
[Site "Mamaia"]
[Date "2019.06.06"]
[Round "7.15"]
[White "Larichev, Prokhor"]
[Black "Nedelcu, Teodor-Cosmin"]
[Result "0-1"]
[ECO "B45"]
[WhiteElo "1764"]
[BlackElo "1954"]
[Annotator "NA RC"]
[PlyCount "148"]
[EventDate "2019.05.31"]
[EventType "swiss"]
[EventCountry "ROU"]
[SourceTitle "playchess.com"]
[Source "ChessBase"]
[SourceQuality "1"]
[TimeControl "40/5400+30:1800+30"]

1. e4 c5 2. Nf3 e6 3. d4 cxd4 4. Nxd4 Nc6 5. Nc3 Nf6 6. Ndb5 Bb4 7. a3 Bxc3+ 8. Nxc3 O-O 9. Bf4 d5 10. exd5 exd5 11. Bd3 Re8+ 12. Ne2 Qb6 13. b3 Bg4 14. f3 {[%emt 0:03:52] [#]} Bd7 $2 ({Black should try} 14... Nd4 $1 $19 15. c3 Nxe2 16. Bxe2 Rac8) 15. Bg3 Ne5 16. Bxe5 (16. Bf2 $1 $11 Nxd3+ 17. cxd3) 16... Rxe5 17. Qd2 Rae8 $15 18. O-O-O Bf5 19. Ng3 Bxd3 20. Qxd3 a5 21. Rd2 Qc7 22. Re2 Rxe2 23. Nxe2 Qe7 24. Nd4 Qxa3+ 25. Kd2 Qd6 26. g3 Nd7 27. Re1 Rxe1 28. Kxe1 g6 29. Kf2 Ne5 30. Qe3 Qc7 31. c3 Qd6 32. Kg2 Nc6 33. Nb5 Qe6 34. Qd3 Qe5 35. Kf2 Ne7 36. Qe3 Qe6 37. Nc7 Qd7 38. Qc5 Kg7 39. Qxa5 Qc6 40. Nb5 Qc5+ 41. Kg2 Nf5 42. Qa4 Qe3 43. Qa2 Qd3 44. Nc7 Ne3+ 45. Kf2 Nd1+ 46. Kg2 Nxc3 47. Qb2 Kg8 48. Ne8 Qd4 49. Nc7 Qc5 50. Ne8 Qc6 51. Nd6 d4 52. Nc4 Qe6 53. Qd2 Qd7 54. Ne5 Qd5 55. Nc4 b5 56. Na5 h5 57. Qd3 Qa8 58. b4 Qd5 59. h4 Na2 60. Qb3 Nxb4 61. Qxb4 Qa2+ 62. Kf1 d3 63. Nb3 Qe2+ 64. Kg1 Qxf3 65. Qxb5 Qxg3+ 66. Kf1 Qf3+ 67. Kg1 Qe3+ 68. Kf1 d2 69. Nxd2 Qxd2 70. Qe8+ Kg7 71. Qe5+ Kh7 72. Qf6 Qd3+ 73. Kg2 Qc4 74. Kf3 Qf1+ 0-1

[Event "European School-ch 2019"]
[Site "Mamaia"]
[Date "2019.06.06"]
[Round "7.16"]
[White "Tarhan, Adar"]
[Black "Baranciuc, Alexandr"]
[Result "1-0"]
[ECO "B12"]
[WhiteElo "1964"]
[BlackElo "1900"]
[Annotator "NA RC"]
[PlyCount "67"]
[EventDate "2019.05.31"]
[EventType "swiss"]
[EventCountry "ROU"]
[SourceTitle "playchess.com"]
[Source "ChessBase"]
[SourceQuality "1"]
[TimeControl "40/5400+30:1800+30"]

1. e4 c6 2. d4 d5 3. e5 Bf5 4. Nf3 e6 5. Be2 Ne7 6. O-O Nd7 7. Nbd2 h6 8. c4 g5 9. Re1 Ng6 10. Nf1 Bb4 11. Bd2 Bxd2 12. N3xd2 Nf4 13. Ne3 Bg6 14. Rc1 h5 {[%emt 0:05:05] [#]} 15. Bf1 $1 Bd3 16. Rc3 Bxf1 17. Ndxf1 $14 Nb6 18. g3 Ng6 19. cxd5 Nxd5 20. Nxd5 Qxd5 21. Ne3 Qd7 22. Nc4 O-O-O 23. Nd6+ Kb8 24. Rb3 b6 25. Qd3 h4 26. Qa6 Qc7 27. a4 hxg3 28. hxg3 f6 29. a5 b5 30. Rc1 Rxd6 31. exd6 Qh7 32. Qxc6 Qh2+ 33. Kf1 Qh3+ 34. Ke1 1-0

[Event "European School-ch 2019"]
[Site "Mamaia"]
[Date "2019.06.06"]
[Round "7.18"]
[White "Ince, Taylan Ruzgar"]
[Black "Levin, Guy"]
[Result "0-1"]
[ECO "B52"]
[WhiteElo "1654"]
[BlackElo "2054"]
[Annotator "NA RC"]
[PlyCount "66"]
[EventDate "2019.05.31"]
[EventType "swiss"]
[EventCountry "ROU"]
[SourceTitle "playchess.com"]
[Source "ChessBase"]
[SourceQuality "1"]
[TimeControl "40/5400+30:1800+30"]

1. e4 c5 2. Nf3 d6 3. Bb5+ Bd7 4. c4 Nf6 5. Nc3 g6 6. O-O Bg7 7. d4 cxd4 8. Nxd4 Nc6 9. Be3 O-O 10. h3 Rc8 11. Bxc6 bxc6 12. c5 d5 13. e5 Ne8 14. f4 Nc7 15. Qa4 f6 16. Nf3 ({Not} 16. Nxc6 $2 Qe8 $19) 16... Ne6 $15 17. Qxa7 fxe5 18. fxe5 Rxf3 19. Rxf3 d4 20. Bd2 dxc3 21. Bxc3 Nc7 22. Ba5 Be6 23. Re1 Qd4+ 24. Kh1 Nd5 25. Bc3 Qh4 26. Ref1 g5 27. Be1 Qh5 28. Kg1 g4 29. hxg4 Bxg4 30. Rb3 Bxe5 31. Bg3 Bd4+ 32. Bf2 Nf4 33. Re1 Qh4 0-1

[Event "European School-ch 2019"]
[Site "Mamaia"]
[Date "2019.06.06"]
[Round "7.19"]
[White "Gurel, Ediz"]
[Black "Samunenkov, Ihor"]
[Result "1/2-1/2"]
[ECO "B34"]
[WhiteElo "1914"]
[BlackElo "1972"]
[Annotator "NA RC"]
[PlyCount "51"]
[EventDate "2019.05.31"]
[EventType "swiss"]
[EventCountry "ROU"]
[SourceTitle "playchess.com"]
[Source "ChessBase"]
[SourceQuality "1"]
[TimeControl "40/5400+30:1800+30"]

1. e4 c5 2. Nf3 Nc6 3. d4 cxd4 4. Nxd4 g6 5. Nc3 Bg7 6. Be3 Nf6 7. Nxc6 bxc6 8. e5 Ng8 9. Bd4 Qa5 10. Bc4 Bxe5 11. O-O Nh6 12. Re1 f6 13. Bxe5 fxe5 14. Qf3 Nf5 ({Better is} 14... Qc7 $15) 15. Rad1 $11 Rf8 16. Bd3 Qc7 17. Qh3 Rf7 18. Ne4 h6 19. Ng3 d6 20. Nxf5 Bxf5 21. Bxf5 gxf5 22. Qxh6 e4 23. c4 Kd7 24. Qf4 Raf8 25. Re3 Kc8 26. Ra3 1/2-1/2

[Event "European School-ch 2019"]
[Site "Mamaia"]
[Date "2019.06.06"]
[Round "7.20"]
[White "Celik, Hasan Huseyin"]
[Black "Gusev, Mikhail"]
[Result "1-0"]
[ECO "C12"]
[WhiteElo "1727"]
[BlackElo "1463"]
[Annotator "NA RC"]
[PlyCount "187"]
[EventDate "2019.05.31"]
[EventType "swiss"]
[EventCountry "ROU"]
[SourceTitle "playchess.com"]
[Source "ChessBase"]
[SourceQuality "1"]
[TimeControl "40/5400+30:1800+30"]

1. e4 e6 2. d4 d5 3. Nc3 Nf6 4. Bg5 Bb4 5. Nge2 h6 6. Bxf6 Qxf6 7. a3 Bxc3+ 8. Nxc3 dxe4 9. Nxe4 Qf4 10. Qe2 O-O 11. g3 Qf5 12. Bg2 Bd7 13. O-O Bc6 14. Rfd1 Nd7 15. c4 Nb6 16. b3 a5 17. Rac1 Rad8 18. Nc5 Qf6 19. Qe5 Qxe5 20. dxe5 a4 21. bxa4 Rxd1+ 22. Rxd1 Nxc4 23. Nxb7 Bxg2 24. Kxg2 Nxe5 25. a5 Nc4 26. Rc1 Nxa3 27. Rxc7 Nb5 28. Rc5 Na7 29. Nd6 Rd8 30. Nxf7 Kxf7 31. Rc7+ Kf6 32. Rxa7 Rd3 33. Kf1 Ra3 34. h3 Ra2 35. Kg2 Ra3 36. Ra8 Kf7 37. h4 h5 38. Ra7+ Kf6 39. Ra8 Kf7 40. a6 g6 41. Kf1 Ra2 42. Ke1 Kg7 43. a7 e5 44. Kd1 e4 45. Kc1 Kh7 46. Kb1 Ra5 47. Kb2 Ra6 48. Kb3 Ra5 49. Kb4 Ra1 50. Kc5 Ra2 51. Kd5 Ra4 52. Ke6 Ra6+ 53. Ke5 Ra4 54. Kf4 Kg7 55. Ke5 Kh7 56. Kf6 Ra6+ 57. Kg5 Ra5+ 58. Kf4 Ra4 59. Re8 Rxa7 60. Rxe4 Rf7+ 61. Ke3 Rf5 62. Rf4 Re5+ 63. Kd4 Ra5 64. Kc4 g5 65. hxg5 Rxg5 66. Kd4 Kg6 67. Rh4 Ra5 68. Ke3 Ra3+ 69. Ke2 Ra2+ 70. Kf3 Kg5 71. Rb4 Ra3+ 72. Kg2 Ra2 73. Rb8 Rc2 74. Ra8 Rb2 75. Rg8+ Kf5 76. Kh3 Ke4 77. Rf8 Rb1 78. Kh4 Rh1+ 79. Kg5 Rh2 80. Rf4+ Ke5 81. f3 Rh3 82. g4 hxg4 83. fxg4 Rh8 84. Rf6 Rh1 85. Rf2 Rh8 86. Re2+ Kd6 87. Kf6 Rh1 88. g5 Rf1+ 89. Kg7 Rg1 90. g6 Rh1 91. Kf7 Rf1+ 92. Kg8 Kd7 93. g7 Kd6 94. Rh2 1-0

[Event "European School-ch 2019"]
[Site "Mamaia"]
[Date "2019.06.06"]
[Round "7.21"]
[White "Krawczyk, Flawian"]
[Black "Durak, Can"]
[Result "0-1"]
[ECO "B31"]
[WhiteElo "1795"]
[BlackElo "1646"]
[Annotator "NA RC"]
[PlyCount "126"]
[EventDate "2019.05.31"]
[EventType "swiss"]
[EventCountry "ROU"]
[SourceTitle "playchess.com"]
[Source "ChessBase"]
[SourceQuality "1"]
[TimeControl "40/5400+30:1800+30"]

1. e4 c5 2. Nf3 Nc6 3. Bb5 g6 4. Bxc6 dxc6 5. d3 Bg7 6. h3 Nf6 7. Nc3 e5 8. Be3 Nd7 9. Qd2 h6 10. O-O b6 11. a3 Nf8 12. b4 Ne6 13. bxc5 f5 14. exf5 gxf5 15. Qe1 bxc5 16. Rd1 O-O 17. Na4 Qd6 18. Qa5 Nd4 19. Nxd4 cxd4 20. Bd2 f4 21. f3 Qg6 22. Kh1 Bxh3 23. Rf2 Be6 24. Nc5 Bd5 25. Ne4 Bxe4 26. dxe4 Bf6 27. Be1 Qh5+ 28. Kg1 Bh4 29. Rxd4 Bxf2+ 30. Bxf2 Rab8 31. Rd1 Rf7 32. Bxa7 Ra8 33. Rd8+ Rxd8 34. Qxd8+ Kg7 35. Bb6 Qg5 36. Qd6 Qf6 37. Qd1 Rb7 38. Bc5 Qe6 39. Bb4 Rd7 40. Qe2 h5 41. a4 Qa2 42. a5 Qa1+ 43. Be1 Qd1 44. Qf2 Qd4 45. a6 Qxf2+ 46. Bxf2 Rd1+ 47. Kh2 Ra1 48. a7 Kf6 49. Bb6 Ke6 50. g3 Kd6 51. gxf4 exf4 52. Bd4 Ra2 53. Kh3 c5 54. Bg7 Rxa7 55. Bh6 Ra2 56. Bxf4+ Ke6 57. Bb8 Rxc2 58. f4 c4 59. f5+ Kf6 60. Kg3 c3 61. Ba7 Rd2 62. Kf4 c2 63. e5+ Kf7 0-1

[Event "European School-ch 2019"]
[Site "Mamaia"]
[Date "2019.06.06"]
[Round "7.22"]
[White "Cnejev, Vladimir-Alexandru"]
[Black "Nemsadze, Daviti"]
[Result "1-0"]
[ECO "B30"]
[WhiteElo "1970"]
[BlackElo "1803"]
[Annotator "NA RC"]
[PlyCount "73"]
[EventDate "2019.05.31"]
[EventType "swiss"]
[EventCountry "ROU"]
[SourceTitle "playchess.com"]
[Source "ChessBase"]
[SourceQuality "1"]
[TimeControl "40/5400+30:1800+30"]

1. e4 c5 2. Nf3 Nc6 3. c3 Nf6 4. e5 Nd5 5. d4 cxd4 6. cxd4 d6 7. Bc4 Nb6 8. Bb5 Bd7 9. Nc3 a6 10. Bxc6 bxc6 11. O-O d5 12. Be3 e6 13. Ne1 $14 Be7 14. Nd3 O-O 15. b3 a5 16. a4 Bc8 17. Rc1 Ba6 18. Ne2 Qc7 19. Re1 Nd7 20. f4 Bxd3 21. Qxd3 Qb6 22. f5 Rab8 23. Nf4 c5 24. fxe6 fxe6 25. g3 Rfc8 26. Kg2 Rc6 27. Rc3 Rbc8 28. Rec1 Qb4 29. dxc5 Nxe5 30. Qd4 Ng4 31. Nd3 Nxe3+ 32. Qxe3 Qb8 33. Ne5 Rxc5 34. Rxc5 Bxc5 35. Qe2 Bd6 36. Nd7 Qb7 37. Qxe6+ 1-0

[Event "European School-ch 2019"]
[Site "Mamaia"]
[Date "2019.06.06"]
[Round "7.23"]
[White "Magold, Filip"]
[Black "Warchol, Kamil"]
[Result "1-0"]
[ECO "C77"]
[WhiteElo "1906"]
[BlackElo "1639"]
[Annotator "NA RC"]
[PlyCount "145"]
[EventDate "2019.05.31"]
[EventType "swiss"]
[EventCountry "ROU"]
[SourceTitle "playchess.com"]
[Source "ChessBase"]
[SourceQuality "1"]
[TimeControl "40/5400+30:1800+30"]

1. e4 e5 2. Nf3 Nc6 3. Bb5 a6 4. Ba4 Nf6 5. d3 b5 6. Bb3 Be7 7. Nc3 d6 8. O-O O-O 9. a4 b4 {[%emt 0:01:44] C84: Closed Ruy Lopez: Unusual White 6th moves} (9... Bg4 10. Be3 Nd4 11. Bxd4 exd4 12. Nd5 c6 13. h3 Bxf3 14. Nxf6+ Bxf6 15. Qxf3 Rc8 16. axb5 axb5 17. Ra6 {½-½ (71) Inarkiev,E (2682)-Ragger,M (2632) Dubai 2014}) 10. Nd5 a5 11. h3 Ba6 $146 ({Predecessor:} 11... h6 12. c3 Be6 13. Bd2 Rb8 14. cxb4 Bxd5 15. exd5 Nxb4 {0-1 (57) Dwilewicz,A (1813)-Krzysztynska,A (1643) Szklarska Poreba 2016}) 12. Re1 Kh8 13. Be3 Qd7 14. Nh2 Nd8 15. f4 Nxd5 16. exd5 exf4 17. Bxf4 Bf6 18. Rb1 Nb7 19. d4 $11 Qf5 20. Qd2 Rae8 21. Nf3 Nd8 22. Bg3 Bb7 23. Qf4 Qh5 24. Qg4 Qxg4 25. hxg4 h6 26. Rbc1 Bc8 27. c3 Bxg4 28. Kf2 bxc3 29. bxc3 Bf5 30. Bc2 Bc8 31. Rb1 Rxe1 32. Nxe1 g5 33. Rb8 Bb7 34. Bb3 Re8 35. Bc4 h5 36. Nc2 h4 37. Bh2 g4 38. Bf4 Re4 39. g3 h3 40. Ne3 Kg7 41. Nxg4 h2 42. Nxh2 Re8 43. Ng4 Be7 44. Ne3 Rh8 45. Kg1 Rh5 46. g4 Rh8 47. g5 Rh5 48. Be2 Rh8 49. Nf5+ Kf8 50. g6 Rg8 51. g7+ Rxg7+ 52. Nxg7 Kxg7 53. c4 Kg6 54. Bd2 Bf6 55. Kf1 c6 56. Bxa5 cxd5 57. Bxd8 Bxd8 58. Rxd8 dxc4 59. Rxd6+ f6 60. Bxc4 Kf5 61. a5 Ke4 62. a6 Ba8 63. a7 f5 64. Bd5+ Bxd5 65. Rxd5 Kxd5 66. a8=Q+ Kxd4 67. Ke2 f4 68. Qc6 Ke5 69. Kf3 Kf5 70. Qd6 Kg5 71. Qe6 Kh5 72. Kxf4 Kh4 73. Qg4# 1-0

[Event "European School-ch 2019"]
[Site "Mamaia"]
[Date "2019.06.06"]
[Round "7.24"]
[White "Butolo, Alexandru-Mircea"]
[Black "Ciocani, Iosif"]
[Result "1/2-1/2"]
[ECO "C20"]
[WhiteElo "1553"]
[BlackElo "1740"]
[Annotator "NA RC"]
[PlyCount "33"]
[EventDate "2019.05.31"]
[EventType "swiss"]
[EventCountry "ROU"]
[SourceTitle "playchess.com"]
[Source "ChessBase"]
[SourceQuality "1"]
[TimeControl "40/5400+30:1800+30"]

1. e4 e5 2. c4 c5 3. Nc3 g6 4. g3 Bg7 5. Bg2 Ne7 6. d3 O-O 7. f4 d6 8. Nf3 Nbc6 9. O-O Bg4 10. h3 Bxf3 11. Qxf3 Nd4 12. Qf2 f5 13. Be3 Nec6 14. Qd2 Qd7 15. Ne2 Rae8 16. Bxd4 exd4 17. Rae1 1/2-1/2

[Event "European School-ch 2019"]
[Site "Mamaia"]
[Date "2019.06.06"]
[Round "7.25"]
[White "Gabulov, Ilkin"]
[Black "Zhelev, Nikolay"]
[Result "1-0"]
[ECO "D44"]
[WhiteElo "1288"]
[BlackElo "1710"]
[Annotator "NA RC"]
[PlyCount "65"]
[EventDate "2019.05.31"]
[EventType "swiss"]
[EventCountry "ROU"]
[SourceTitle "playchess.com"]
[Source "ChessBase"]
[SourceQuality "1"]
[TimeControl "40/5400+30:1800+30"]

1. d4 d5 2. c4 c6 3. Nc3 Nf6 4. Nf3 e6 5. Bg5 dxc4 6. a4 Be7 7. e4 Nbd7 8. Bxc4 O-O 9. O-O b6 10. Re1 Bb7 11. Rc1 a6 12. Qc2 c5 13. d5 e5 14. Rcd1 Bd6 15. Nh4 Re8 16. Nf5 Nf8 17. Ne2 Ng6 18. Neg3 Bc8 19. Qc1 h6 20. Bxf6 gxf6 21. Qxh6 Bf8 22. Qc1 Bxf5 23. Nxf5 Qd7 24. Re3 b5 25. Be2 Nf4 26. Bg4 Qd8 27. Rg3 Kh7 28. Qe3 bxa4 29. Qf3 Rb8 30. Bh5 Rxb2 31. Bxf7 Rb3 32. Qg4 Rxg3 33. Qh4+ 1-0

[Event "European School-ch 2019"]
[Site "Mamaia"]
[Date "2019.06.06"]
[Round "7.26"]
[White "Sapocinic, Semion"]
[Black "Kotolashvili, Davit"]
[Result "1-0"]
[ECO "C90"]
[WhiteElo "1697"]
[BlackElo "1374"]
[Annotator "NA RC"]
[PlyCount "102"]
[EventDate "2019.05.31"]
[EventType "swiss"]
[EventCountry "ROU"]
[SourceTitle "playchess.com"]
[Source "ChessBase"]
[SourceQuality "1"]
[TimeControl "40/5400+30:1800+30"]

1. e4 e5 2. Nf3 Nc6 3. Bb5 a6 4. Ba4 Nf6 5. d3 b5 6. Bb3 Be7 7. O-O O-O 8. Re1 d6 9. c3 h6 10. Nbd2 Re8 11. Nf1 Bf8 12. Ng3 g6 13. h3 Na5 14. Bc2 c5 15. Be3 Nc6 16. d4 Qc7 17. d5 Ne7 18. a4 Bd7 19. Qd2 Kh7 20. Nh2 g5 21. f3 Ng6 22. Ng4 Nxg4 23. hxg4 Reb8 24. a5 b4 25. c4 Kg8 26. Kf2 b3 27. Bd3 Nf4 28. Nf5 Bxf5 29. gxf5 Bg7 30. g3 Nxd3+ 31. Qxd3 Rb4 32. Bd2 Rb7 33. Ra3 Rab8 34. Rc1 Kf8 35. Rc3 Ke7 36. Rcxb3 Kd7 37. Rxb7 Rxb7 38. Rb3 Qb8 39. Rxb7+ Qxb7 40. Qa3 Bf6 41. Qa4+ Kd8 42. b4 cxb4 43. Qxb4 Qxb4 44. Bxb4 Be7 45. f6 Bf8 46. f4 gxf4 47. gxf4 exf4 48. e5 Kd7 49. Kf3 h5 50. Bxd6 Bh6 51. c5 h4 1-0